Map: 포트 알렉산더 - 래더

Players

Ziggy

  • Race: Terran Terran
  • Spawn Location: 5:00

herO - Winner!

  • Race: Protoss Protoss
  • Spawn Location: 11:00

Event: IEM Season 13: Katowice (2019)

VOD

Have the link to the VOD?

Description

Time

  • Played on: Feb. 25, 2019, 9:56 a.m.
  • Length: 9:43

All games in this series

Show
View Real Time Build Order
Export as new Build Order

Ziggy Terran 

Build Orders: Gas First Reaper Expand, Liberator Opening 

Get SALT Encoding   

  12  0:01  SCV  
  13  0:13  SCV  
  14  0:17  Supply Depot  
  14  0:25  SCV  
  15  0:30  Refinery  
  15  0:39  SCV  
  16  0:45  Barracks  
  16  0:51  SCV  
  17  1:03  SCV  
  18  1:15  SCV  
  19  1:33  Reaper, Orbital Command  
  20  1:50  Command Center  
  20  1:59  SCV  
  21  2:06  Factory  
  21  2:07  Barracks Reactor  
  21  2:11  SCV  
  22  2:23  SCV, Supply Depot  
  22  2:26  Refinery  
  23  2:45  SCV  
  23  2:50  Marine x2  
  23  2:51  Widow Mine  
  28  2:53  Starport  
  28  2:57  SCV  
  28  3:08  Marine x2  
  28  3:09  SCV  
  30  3:14  Factory Tech Lab  
  29  3:21  SCV  
  29  3:25  Marine  
  29  3:26  Marine  
  29  3:34  Supply Depot  
  29  3:43  Marine x2  
  29  3:48  Liberator  
  30  3:50  SCV  
  30  3:55  Cyclone  
  34  4:01  Marine x2  
  37  4:14  Orbital Command  
  36  4:18  SCV  
  36  4:19  Marine x2  
  36  4:20  Orbital Command  
  39  4:29  Siege Tank  
  39  4:31  SCV  
  43  4:37  Marine x2  
  45  4:38  Barracks  
  45  4:43  SCV  
  46  4:46  SCV  
  46  4:52  Supply Depot  
  47  4:58  SCV  
  42  5:02  Siege Tank  
  42  5:03  Marine x2  
  47  5:07  SCV  
  47  5:10  SCV  
  47  5:11  Barracks  
  49  5:16  Supply Depot  
  49  5:19  SCV  
  47  5:22  SCV  
  48  5:28  Barracks Tech Lab  
  48  5:30  Marine x2  
  48  5:32  SCV  
  48  5:34  Siege Tank  
  49  5:43  SCV  
  49  5:45  SCV  
  49  5:47  Marine  
  49  5:48  Stimpack, Marine  
  52  5:55  SCV  
  53  5:59  SCV  
  53  6:02  Barracks Tech Lab  
  54  6:06  Engineering Bay  
  54  6:07  SCV  
  54  6:09  Marauder  
  54  6:11  SCV, Marine x2  
  58  6:18  Supply Depot  
  60  6:19  SCV  
  60  6:21  Combat Shield, Refinery  
  60  6:23  SCV, Factory Reactor  
  60  6:24  Starport Reactor  
  62  6:33  Terran Infantry Weapons Level 1  
  64  6:40  SCV x2  
  64  6:44  Marauder  
  64  6:45  Marauder  
  64  6:46  Marine x2  
  69  6:51  Refinery  
  70  6:56  SCV, Supply Depot  
  70  6:57  Supply Depot  
  70  6:58  SCV  
  70  7:08  SCV  
  70  7:09  Viking  
  70  7:10  Medivac  
  70  7:14  SCV  
  70  7:15  Marine  
  76  7:20  SCV  
  77  7:24  Supply Depot  
  77  7:25  Widow Mine x2  
  77  7:26  SCV  
  82  7:32  SCV  
  82  7:35  Marauder, Marine x2  
  87  7:38  SCV  
  87  7:39  Medivac  
  87  7:43  Medivac  
  92  7:44  SCV  
  92  7:46  Concussive Shells  
  93  7:51  Marauder  
  93  7:53  Widow Mine  
  93  7:55  Widow Mine  
  93  7:56  Marauder  
  101  8:01  Marine  
  102  8:17  Supply Depot  
  102  8:22  Marine x3  
  102  8:23  Marauder  
  94  8:45  Marine  
  83  9:02  Marine  
  48  9:07  Marine  
  28  9:25  Marine  
Show
View Real Time Build Order
Export as new Build Order

herO Protoss - Winner!

Build Orders: 1 Gate Expand, Colossus Rush 

Get SALT Encoding   

  12  0:00  Probe  
  13  0:12  Probe  
  14  0:18  Pylon  
  14  0:24  Probe  
  15  0:32  Probe  
  15  0:37  Gateway  
  15  0:40  Probe  
  16  0:48  Assimilator  
  17  0:52  Probe  
  19  1:04  Probe  
  19  1:17  Probe  
  20  1:26  Cybernetics Core  
  20  1:35  Nexus  
  20  1:42  Pylon  
  20  1:43  Probe  
  21  1:51  Assimilator  
  21  1:52  Adept  
  21  1:55  Probe  
  22  2:02  Warp Gate  
  22  2:08  Probe  
  25  2:12  Stalker  
  25  2:20  Probe  
  28  2:30  Pylon  
  28  2:32  Probe  
  28  2:42  Stalker  
  30  2:44  Probe  
  30  2:47  Probe  
  32  2:54  Robotics Facility  
  32  2:55  Probe  
  32  2:56  Probe  
  33  3:03  Probe  
  34  3:08  Probe  
  36  3:14  Probe  
  35  3:21  Probe  
  35  3:26  Probe  
  37  3:33  Probe  
  38  3:35  Gateway x2  
  38  3:38  Probe  
  38  3:39  Warp Prism  
  39  3:51  Probe x2  
  39  3:54  Stalker  
  45  3:56  Pylon  
  45  3:59  Pylon  
  45  4:04  Probe  
  46  4:12  Probe  
  46  4:13  Probe  
  46  4:15  Observer  
  49  4:18  Robotics Bay  
  49  4:19  Assimilator  
  49  4:20  Probe  
  49  4:21  Probe, Assimilator  
  49  4:29  Probe  
  49  4:30  Probe  
  51  4:32  Pylon  
  51  4:36  Observer  
  54  4:41  Stalker x3  
  54  4:44  Probe  
  54  4:45  Probe  
  62  4:49  Pylon  
  62  4:56  Pylon  
  64  5:06  Stalker x2  
  64  5:09  Stalker  
  66  5:19  Probe x2, Colossus  
  68  5:35  Probe x2  
  76  5:45  Gravitic Drive  
  76  5:52  Twilight Council, Pylon  
  76  5:56  Colossus  
  76  6:12  Nexus, Charge  
  76  6:14  Pylon  
  76  6:16  Sentry x2  
  76  6:18  Observer  
  86  6:21  Zealot  
  88  6:25  Forge  
  88  6:27  Probe x2  
  90  6:39  Probe x2  
  92  6:49  Immortal  
  92  6:51  Probe  
  92  6:52  Sentry, Probe  
  100  6:56  Gateway  
  100  6:59  Gateway  
  100  7:06  Protoss Ground Weapons Level 1, Probe  
  100  7:07  Probe  
  102  7:14  Gateway  
  102  7:16  Pylon  
  102  7:18  Pylon  
  102  7:20  Extended Thermal Lance, Colossus  
  102  7:25  Probe  
  102  7:26  Probe x2  
  111  7:42  Stalker, Probe x3  
  116  7:51  Stalker  
  116  7:53  Pylon  
  116  7:57  Probe x3  
  121  8:01  Pylon  
  121  8:03  Disruptor  
  121  8:10  Zealot x3  
  126  8:12  Pylon  
  126  8:14  Pylon  
  129  8:21  Stalker x2  
  129  8:23  Stalker  
  135  8:30  Pylon  
  135  8:31  Pylon  
  135  8:33  Disruptor  
  134  8:43  Zealot  
  134  8:44  Zealot x2  
  134  8:46  Zealot x3  
  140  8:59  Disruptor, Gateway  
  140  9:00  Gateway  
  87  9:15  Zealot  
  87  9:16  Zealot x5  
  90  9:36  Stalker x6  

Tags
 
Add a new tag
Caveats
  • Supply blocks, unpowered buildings, or Contaminate may cause inaccurate times.
  • Supply counts are checked every 10 seconds.